 Dungeon Crawl Stone Soup version 0.29-a0-472-ge5599a681e (webtiles) character file.

Game seed: 6048956928650617156

11 Zeld the Skirmisher (level 2, 22/22 HPs)
             Began as a Human Wanderer on May 22, 2022.
             Quit the game on level 1 of the Dungeon.
             The game lasted 00:00:33 (335 turns).

Zeld the Skirmisher (Human Wanderer)                 Turns: 335, Time: 00:00:35

Health: 22/22      AC:  2    Str: 13    XL:     2   Next: 35%
Magic:  3/3        EV: 10    Int: 13    God:
Gold:   0          SH:  4    Dex: 14    Spells: 2/3 levels left

rFire   . . .      SeeInvis .   a - +2 falchion
rCold   . . .      Faith    .   b - +0 buckler
rNeg    . . .      Spirit   .   d - +0 robe
rPois   .          Reflect  .   (no helmet)
rElec   .          Harm     .   (no cloak)
rCorr   .          Rampage  .   (no gloves)
Will    .....                   (no boots)
Stlth   +.........              (no amulet)
HPRegen 0.07/turn               (no ring)
MPRegen 0.08/turn               (no ring)

@: no status effects
A: strong 2
a: no special abilities


You were on level 1 of the Dungeon.
You visited 1 branch of the dungeon, and saw 1 of its levels.

Inventory:

Hand Weapons
 a - a +2 falchion (weapon)
Armour
 b - a +0 buckler (worn)
 d - a +0 robe (worn)
Scrolls
 e - a scroll of enchant armour {unknown}
Potions
 c - a potion of curing {unknown}


   Skills:
 + Level 2.1 Fighting
 + Level 2.1 Long Blades
 + Level 2.1 Shields
 + Level 1.2 Spellcasting
 + Level 2.1 Conjurations
 + Level 1.2 Evocations


You had 2 spell levels left.
You knew the following spells:

 Your Spells              Type           Power      Damage    Failure   Level
a - Foxfire               Conj/Fire      12%        2x1d4     24%         1

Your spell library contained the following spells:

 Spells                   Type           Power      Damage    Failure   Level
 Dazzling Flash           Conj/Hex       6%         N/A       56%         3


Dungeon Overview and Level Annotations

Branches:
Dungeon (1/15)

Altars:


Innate Abilities, Weirdness & Mutations

Your muscles are very strong. (Str +4)


Message History

You miss the jackal.
The jackal is heavily wounded.
The jackal bites you but does no damage.
The jackal closely misses you.
You hit the jackal but do no damage.
The jackal is heavily wounded.
The jackal barely misses you.
You hit the jackal.
You kill the jackal!
There is an open door here.
No target in view!
There is a stone staircase leading down here.
No target in view!
Magic restored.
You open the door.
There is an open door here.
A kobold comes into view. It is wielding a +0 short sword.
A kobold is nearby!
A kobold is nearby!
A kobold is nearby!
The kobold shouts!
You see here a scroll labelled GIDOMA ATOMM.
A rat comes into view.
You completely miss the kobold. The kobold closely misses you.
You slash the kobold!
You kill the kobold!
You see here a +0 short sword.
The rat bites you.
You slash the rat!
You kill the rat!
No target in view!
No target in view!
No target in view!
You see here a +0 short sword.
e - a scroll labelled GIDOMA ATOMM You open the door.
There is an open door here.
A dart slug comes into view.
A dart slug is nearby!
Are you sure you want to abandon this character and quit the game? (Confirm with "yes".)

#####............
w....................
#....................
............).......
#.........#....#####
##..###..............
... +..............
#.###....#....#....
#.@##....#....#....
##.##....#....#####
#..#....#....#####
##.#....'.........
#.#....##########
#..#...# ##.#####
#..# ##.#


You could see a dart slug (asleep).

Vanquished Creatures
  An endoplasm (D:1)
  A hobgoblin (D:1)
  4 jackals (D:1)
  A kobold (D:1)
  A ball python (D:1)
  A rat (D:1)
9 creatures vanquished.

Vanquished Creatures (others)
  5 foxfires (D:1)
5 creatures vanquished.

Grand Total: 14 creatures vanquished

Notes
Turn   | Place    | Note
-------+----------+-------------------------------------------
     0 | D:1      | Zeld the Human Wanderer began the quest for the Orb.
     0 | D:1      | Zeld set off with the following items: a +2 falchion, a +0
                  | buckler, a potion of mutation, a +0 robe; and the following
                  | spell memorised: Foxfire; and the following spells
                  | available to memorise: Dazzling Flash
     0 | D:1      | Reached XP level 1. HP: 16/16 MP: 2/2
     0 | D:1      | Gained mutation: Your muscles are strong. (Str +2) [potion
                  | of mutation]
     0 | D:1      | Gained mutation: Your muscles are very strong. (Str +4)
                  | [potion of mutation]
   180 | D:1      | Reached XP level 2. HP: 18/22 MP: 1/3
   335 | D:1      | Quit the game

Illustrated notes

Levels and vault maps discovered:
D:1:      eino_arrival_tree_alley, layout_basic, serial_shops, shop,
          minmay_hedge_maze

Action                   || total
-------------------------++-------
Melee: Falchion          ||    23
 Cast: Foxfire           ||     3
  Use: Potion            ||     1
Armor: Robe              ||     7
Dodge: Dodged            ||    14
Block: Buckler           ||     5

Table legend: (Time is in decaauts)
 A = Elapsed time spent in this place.
 B = Non-inter-level travel time spent in this place.
 C = Inter-level travel time spent in this place.
 D = Time resting spent in this place.
 E = Time spent auto-exploring this place.
 F = Levels seen in this place.
 G = Mean time per level.
                   A        B        C        D        E       F      G
               +--------+--------+--------+--------+--------+-----+--------+
         Total |    341 |    341 |      0 |      0 |    276 |   1 |  341.0 |
       Dungeon |    341 |    341 |      0 |      0 |    276 |   1 |  341.0 |
               +--------+--------+--------+--------+--------+-----+--------+

Top non-repeatable levels by time:
     D:1: 341 daAuts
